 Dungeon Crawl Stone Soup version 0.22.1-2-g9c5b331383 (webtiles) character file.

34029 mazyrok777 the Peltast (level 13, -11/82 HPs)
             Began as a Gargoyle Fighter on Dec 27, 2018.
             Was the Champion of Okawaru.
             Blown up by a great orb of eyes (37 damage)
             ... with a disintegration bolt
             ... on level 1 of the Pits of Slime.
             The game lasted 01:57:21 (15677 turns).

mazyrok777 the Peltast (Gargoyle Fighter)          Turns: 15677, Time: 01:57:22

Health: -11/82     AC: 25    Str: 26    XL:     13   Next: 74%
Magic:  0/13       EV:  9    Int:  8    God:    Okawaru [******]
Gold:   853        SH: 24    Dex:  9    Spells: 12/12 levels left

rFire    + . .     SeeInvis .   q - +4 flail (crush)
rCold    + . .     Gourm    .   b - +0 large shield
rNeg     + . .     Faith    .   r - +4 scale mail {rF+}
rPois    ∞         Spirit   +   (no helmet)
rElec    +         Reflect  +   s - scarf {Spirit}
rCorr    .         Harm     .   j - +0 pair of gloves
MR       .....                  x - +0 pair of boots
Stlth    ..........             m - +3 amulet of reflection
HPRegen  0.23/turn              e - +3 ring of slaying
MPRegen  0.13/turn              I - ring of protection from cold

@: no status effects
A: negative energy resistance 1, electricity resistance, unbreathing,
petrification resistance, rot immunity, AC +9
a: Heroism, Finesse, Renounce Religion


You were on level 1 of the Pits of Slime.
You worshipped Okawaru.
Okawaru was exalted by your worship.
You were not hungry.

You visited 3 branches of the dungeon, and saw 16 of its levels.

You collected 1018 gold pieces.
You spent 165 gold pieces at shops.

Inventory:

Hand Weapons
 a - a +0 flail
 q - a +4 flail of crushing (weapon)
Missiles
 J - 3 silver javelins (quivered)
Armour
 b - a +0 large shield (worn)
 j - a +0 pair of gloves (worn)
 r - a +4 scale mail of fire resistance (worn)
 s - a scarf of spirit shield (worn)
 u - a +3 chain mail of magic resistance
 x - a +0 pair of boots (worn)
 O - +2 steam dragon scales
Jewellery
 e - a +3 ring of slaying (left hand)
 m - a +3 amulet of reflection (around neck)
 F - the ring of Xom's Favour {rF+ rC+ Int+3 Dex-2}
   (You found it on level 8 of the Dungeon)

   [ring of protection from fire]

   It affects your intelligence (+3).
   It affects your dexterity (-2).
   It protects you from fire.
   It protects you from cold.
 I - a ring of protection from cold (right hand)
 K - a cursed ring of teleportation
 Q - an uncursed ring of poison resistance
Wands
 v - a wand of random effects (64)
 y - a wand of clouds (6)
 E - a wand of iceblast (6)
 G - a wand of disintegration (15)
 P - a wand of polymorph (17)
Scrolls
 g - 2 scrolls of magic mapping
 h - 8 scrolls of teleportation
 i - 5 scrolls of blinking
 l - a scroll of immolation
 n - 14 scrolls of remove curse
 o - 4 scrolls of amnesia
 p - 4 scrolls of fear
 w - 3 scrolls of identify
 C - 3 scrolls of fog
 H - 2 scrolls of enchant weapon
 M - a scroll of acquirement {unknown}
Potions
 c - 2 potions of berserk rage {unknown}
 d - a potion of might
 k - 2 potions of agility
 t - 2 potions of lignification
 z - 4 potions of curing
 A - a potion of heal wounds {unknown}
 B - 4 potions of mutation
 D - 2 potions of ambrosia
 L - 2 potions of brilliance
 N - a potion of magic {unknown}
 R - a potion of degeneration {unknown}
 S - a potion of haste
Comestibles
 f - 18 rations
 T - 2 chunks of flesh


   Skills:
 * Level 10.0 Fighting
 * Level 13.0 Maces & Flails
 * Level 9.5 Armour
 + Level 3.0 Dodging
 + Level 1.8 Stealth
 * Level 15.5 Shields


You had 12 spell levels left.
You didn't know any spells.
Your spell library contained the following spells:

 Spells                   Type           Power        Failure   Level  Hunger
 Corona                   Hex            #......      96%         1    ##.....
 Magic Dart               Conj           #...         96%         1    ##.....
 Summon Butterflies       Summ           #.......     96%         1    ##.....
 Blink                    Tloc           N/A          99%         2    ###....
 Call Imp                 Summ           #.......     99%         2    ###....
 Ensorcelled Hibernation  Hex/Ice        #.....       99%         2    ###....
 Slow                     Hex            #.......     99%         2    ###....
 Call Canine Familiar     Summ           #.......     100%        3    ####...
 Confuse                  Hex            #.......     100%        3    ####...
 Conjure Flame            Conj/Fire      #.......     100%        3    ####...
 Dazzling Spray           Conj/Hex       #.....       100%        3    ####...
 Mephitic Cloud           Conj/Pois/Air  #.......     100%        3    ####...
 Tukima's Dance           Hex            #.......     100%        3    ####...
 Cause Fear               Hex            #.........   100%        4    #####..
 Summon Ice Beast         Ice/Summ       #.......     100%        4    #####..
 Silence                  Hex/Air        #.........   100%        5    ######.
 Summon Mana Viper        Hex/Summ       #.......     100%        5    ######.
 Yara's Violent Unravell  Hex/Tmut       #.........   100%        5    ######.
 Deflect Missiles         Chrm/Air       #.........   100%        6    #######
 Summon Hydra             Summ           #.........   100%        7    #######
 Discord                  Hex            #.........   100%        8    #######


Dungeon Overview and Level Annotations

Branches:
Dungeon (10/15)            Temple (0/1) D:6            Lair (5/6) D:9
  Swamp (0/4) Lair:3        Snake (0/4) Lair:2        Slime (1/5) Lair:5
    Orc: D:9-12

Altars:
Cheibriados
Elyvilon
Gozag
Hepliaklqana
Kikubaaqudgha
Nemelex Xobeh
Okawaru
Qazlal
Ru
Sif Muna
Uskayaw
Vehumet
Yredelemnul
Zin

Shops:
D:4 [

Annotations:
D:8 Maurice


Innate Abilities, Weirdness & Mutations

You are resistant to torment.
Your stone body is resilient. (AC +9)
You are immune to poison.
You resist negative energy. (rN+)
You are resistant to electric shocks. (rElec)
You can survive without breathing.
You are immune to petrification.
You are immune to rotting.


Message History

You are too confused!
You are too confused!
You are too confused!
You sock the great orb of eyes!
The great orb of eyes is moderately wounded.
You are splashed with acid!
The wall burns you!
The great orb of eyes barely misses you.
You feel less confused.
You block the great orb of eyes's attack.
The great orb of eyes gazes at you.
You suddenly lose the ability to move!
The great orb of eyes bites you. The great orb of eyes gazes at you.
You are blasted!
You can move again.
You hit the great orb of eyes.
The great orb of eyes is moderately wounded.
The great orb of eyes gazes at you.
You are blasted!
You die...

......###.#.##
#............#
##.........#.#
#....#......### #
#.............#.##
.................#
................#
........G..<...#
......#..@.....#
..................#
...................
..................#
..................#
....>.............#
.#...##.#..#....##
##.# ##########


You could see a great orb of eyes.

Vanquished Creatures
  3 hydras
  A two-headed ogre (D:8)
  6 death yaks
  Pikel (D:8)
  Joseph (D:8)
  15 elephants
  2 torpor snails (Lair:2)
  An eye of devastation (Lair:5)
  5 spiny frogs
  4 rime drakes
  4 komodo dragons
  A queen bee (Lair:3)
  A polar bear (Lair:1)
  A troll (D:9)
  2 bog bodies (Lair:3)
  4 hippogriffs
  9 blink frogs
  31 yaks
  A spriggan (Lair:1)
  A basilisk (Lair:3)
  A wyvern (D:5)
  A hungry ghost (D:8)
  4 swamp worms (Lair:3)
  Edmund (D:4)
  7 water moccasins
  6 porcupines
  An orc warrior (D:7)
  2 sky beasts (D:5)
  An eye of draining (Lair:5)
  An ice beast (D:5)
  3 phantoms
  16 wolves
  2 ogres
  3 centaurs
  7 crocodiles
  A big kobold (D:7)
  17 bullfrogs
  A scorpion (D:8)
  A wyvern skeleton (D:8)
  28 killer bees
  7 howler monkeys
  2 electric eels (Lair:3)
  A lava snake (D:9)
  4 crimson imps
  3 orc priests
  A jelly (D:7)
  4 hounds
  5 orc wizards
  A bullfrog skeleton (D:4)
  An iguana (D:6)
  14 worker ants
  A killer bee zombie (D:5)
  A hound zombie (D:5)
  A hound skeleton (D:7)
  2 howler monkey zombies
  4 gnolls (D:4)
  A howler monkey skeleton (D:9)
  12 adders
  A worm (D:3)
  2 dart slugs
  5 leopard geckos
  18 orcs
  2 ball pythons (D:1)
  6 bats
  8 giant cockroaches
  10 goblins
  6 hobgoblins
  11 jackals
  5 quokkas
  3 frilled lizards
  8 kobolds
  9 rats
  A plant (Lair:3)
358 creatures vanquished.

Vanquished Creatures (others)
  3 slaves (D:8)
  A hungry ghost (D:8)
  3 centaurs
  A bullfrog (D:8)
  9 fungi
  3 plants
20 creatures vanquished.

Grand Total: 378 creatures vanquished

Notes
Turn   | Place    | Note
-------+----------+-------------------------------------------
     0 | D:1      | mazyrok777 the Gargoyle Fighter began the quest for the
                  | Orb.
     0 | D:1      | Reached XP level 1. HP: 14/14 MP: 1/1
   220 | D:1      | Reached XP level 2. HP: 19/19 MP: 2/2
   779 | D:2      | Reached XP level 3. HP: 23/23 MP: 3/3
   923 | D:2      | Reached skill level 4 in Shields
  1062 | D:2      | Found a snail-covered altar of Cheibriados.
  1064 | D:2      | Reached XP level 4. HP: 29/29 MP: 4/4
  2023 | D:3      | Found an iron altar of Okawaru.
  2033 | D:3      | Became a worshipper of Warmaster Okawaru
  2321 | D:3      | Reached XP level 5. HP: 33/33 MP: 5/5
  2819 | D:4      | Found a sparkling altar of Nemelex Xobeh.
  3007 | D:4      | Found a radiant altar of Vehumet.
  3141 | D:4      | Reached skill level 5 in Shields
  3149 | D:4      | Noticed Edmund
  3187 | D:4      | Killed Edmund
  3187 | D:4      | Reached XP level 6. HP: 26/38 MP: 4/6
  3192 | D:4      | Found Katzam's Antique Armour Shoppe.
  3334 | D:4      | Reached * piety under Okawaru
  3334 | D:4      | Reached skill level 6 in Shields
  3372 | D:5      | Entered Level 5 of the Dungeon
  3521 | D:4      | Reached XP level 7. HP: 39/43 MP: 7/7
  3611 | D:4      | Found a hazy altar of Hepliaklqana.
  4094 | D:4      | Bought a glowing chain mail for 165 gold pieces
  4189 | D:5      | Reached skill level 7 in Shields
  4379 | D:5      | Reached skill level 5 in Maces & Flails
  4382 | D:5      | Reached XP level 8. HP: 47/48 MP: 8/8
  4394 | D:5      | Found a sacrificial altar of Ru.
  4480 | D:5      | Reached skill level 1 in Stealth
  4680 | D:5      | Noticed a wyvern
  4687 | D:5      | Killed a wyvern
  4712 | D:5      | Reached ** piety under Okawaru
  4735 | D:5      | Found a glowing silver altar of Zin.
  4924 | D:5      | Reached skill level 5 in Armour
  4939 | D:5      | Reached skill level 5 in Fighting
  4939 | D:5      | Reached skill level 8 in Shields
  5290 | D:6      | Reached XP level 9. HP: 54/54 MP: 9/9
  5466 | D:6      | Found an ancient bone altar of Kikubaaqudgha.
  5466 | D:6      | Found an opulent altar of Gozag.
  5466 | D:6      | Found a stormy altar of Qazlal.
  5509 | D:6      | Found a basalt altar of Yredelemnul.
  5803 | D:6      | Reached *** piety under Okawaru
  5829 | D:6      | Found a staircase to the Ecumenical Temple.
  6607 | D:7      | Reached skill level 9 in Shields
  7189 | D:7      | Found a hide-covered altar of Uskayaw.
  7798 | D:8      | Noticed Pikel
  7817 | D:8      | Killed Pikel
  7817 | D:8      | Reached skill level 10 in Shields
  7817 | D:8      | Reached XP level 10. HP: 60/60 MP: 10/10
  7831 | D:8      | Noticed Joseph
  7863 | D:8      | Killed Joseph
  7863 | D:8      | Reached **** piety under Okawaru
  7960 | D:8      | Noticed a two-headed ogre
  7965 | D:8      | Got a slimy wooden ring
  7983 | D:8      | Killed a two-headed ogre
  7983 | D:8      | Reached skill level 1 in Dodging
  8430 | D:8      | Reached skill level 11 in Shields
  8461 | D:8      | Noticed Maurice
  8550 | D:8      | Found a deep blue altar of Sif Muna.
  8889 | D:9      | Identified the ring of Xom's Favour {rF+ rC+ Int+3 Dex-2}
                  | (You found it on level 8 of the Dungeon)
  8892 | D:9      | Found a white marble altar of Elyvilon.
  8895 | D:9      | Found a white marble altar of Elyvilon.
  8898 | D:9      | Found a staircase to the Lair.
  9017 | D:9      | Reached ***** piety under Okawaru
  9057 | D:10     | Entered Level 10 of the Dungeon
  9118 | D:9      | Reached XP level 11. HP: 64/67 MP: 11/11
  9270 | Lair:1   | Entered Level 1 of the Lair of Beasts
  9381 | Lair:1   | Reached skill level 10 in Maces & Flails
  9562 | Lair:1   | Noticed a five-headed hydra
  9585 | Lair:1   | Killed a five-headed hydra
  9585 | Lair:1   | Received a gift from Okawaru
  9585 | Lair:1   | Reached skill level 12 in Shields
 10396 | Lair:2   | Reached ****** piety under Okawaru
 10405 | Lair:2   | Received a gift from Okawaru
 10414 | Lair:2   | Reached skill level 13 in Shields
 10450 | Lair:2   | Reached XP level 12. HP: 33/73 MP: 7/12
 10785 | Lair:2   | Noticed a seven-headed hydra
 10807 | Lair:2   | Killed a seven-headed hydra
 10824 | Lair:2   | Received a gift from Okawaru
 10902 | Lair:2   | Noticed an eight-headed hydra
 10916 | Lair:2   | Killed an eight-headed hydra
 10955 | Lair:3   | Noticed a death yak
 10955 | Lair:3   | Noticed a death yak
 10955 | Lair:3   | Noticed a death yak
 10955 | Lair:3   | Noticed a death yak
 10955 | Lair:3   | Noticed a death yak
 10956 | Lair:3   | Noticed a death yak
 10967 | Lair:2   | Found a staircase to the Snake Pit.
 11001 | Lair:2   | Found a snail-covered altar of Cheibriados.
 11569 | Lair:2   | Killed a death yak
 11906 | Lair:2   | Killed a death yak
 11921 | Lair:2   | Killed a death yak
 12322 | Lair:3   | Reached skill level 14 in Shields
 12825 | Lair:3   | Killed a death yak
 12825 | Lair:3   | Reached XP level 13. HP: 80/80 MP: 13/13
 12861 | Lair:3   | Received a gift from Okawaru
 13099 | Lair:3   | Found a staircase to the Swamp.
 13273 | Lair:3   | Reached skill level 15 in Shields
 14926 | Lair:5   | Found a frozen archway.
 15307 | Lair:5   | Found a staircase to the Slime Pits.
 15504 | Lair:5   | Reached skill level 10 in Fighting
 15664 | Slime:1  | Entered Level 1 of the Pits of Slime
 15664 | Slime:1  | Noticed a great orb of eyes
 15674 | Slime:1  | Paralysed by a great orb of eyes for 3 turns
 15677 | Slime:1  | Blown up by a great orb of eyes

Skill      XL: |  1  2  3  4  5  6  7  8  9 10 11 12 13 |
---------------+----------------------------------------+-----
Shields        | 4 5 6 7 8 10 11 13 14 15 | 15.5
Maces & Flails | 3 5 6 8 9 11 12 13 | 13.0
Armour         | 4 5 6 7 8 9 |  9.5
Fighting       | 4 5 6 7 8 9 10 | 10.0
Stealth        | 1 |  1.8
Dodging        | 1 2 3 |  3.0

Action                   |  1- 3 |  4- 6 |  7- 9 | 10-12 | 13-15 || total
-------------------------+-------+-------+-------+-------+-------++-------
Melee: Flail             |   120 |   352 |   283 |   665 |   357 ||  1777
  Use: Scroll            |       |     4 |     7 |    13 |     7 ||    31
       Potion            |       |       |       |     3 |       ||     3
  Eat: Chunk             |     1 |     9 |    10 |     9 |     1 ||    30
       Ration            |       |       |     1 |     3 |     3 ||     7
Armor: Scale mail        |     3 |       |       |    90 |   120 ||   213
       Chain mail        |    54 |   176 |   108 |   192 |       ||   530
Dodge: Dodged            |    16 |    28 |    16 |   105 |    62 ||   227
Block: Shield            |    14 |       |       |       |       ||    14
       Large shield      |    83 |   350 |   311 |   798 |   394 ||  1936
       Reflection        |       |       |    26 |    10 |     1 ||    37
